 Dungeon Crawl Stone Soup version 0.29-a0-664-gff9cad4a3d (webtiles) character file.

Game seed: 17678564225313154252

45 wingedge the Gusty (level 3, -2/20 HPs)
             Began as a Tengu Air Elementalist on June 23, 2022.
             Killed from afar by an orc wizard (6 damage)
             ... with a magic dart
             ... on level 2 of the Dungeon.
             The game lasted 00:04:52 (1513 turns).

wingedge the Gusty (Tengu Air Elementalist)         Turns: 1513, Time: 00:04:52

Health: -2/20      AC:  2    Str:  8    XL:     3   Next: 64%
Magic:  10/16      EV: 12    Int: 17    God:
Gold:   80         SH:  3    Dex: 14    Spells: 3/6 levels left

rFire   . . .      SeeInvis .   f - +0 short sword
rCold   . . .      Faith    .   h - +0 buckler
rNeg    . . .      Spirit   .   a - +0 robe
rPois   .          Reflect  .   (helmet restricted)
rElec   .          Harm     .   (no cloak)
rCorr   .          Rampage  .   (no gloves)
Will    .....                   (boots unavailable)
Stlth   ++........              (no amulet)
HPRegen 0.06/turn               i - ring of magical power
MPRegen 0.15/turn               (no ring)

@: attractive, invisible
A: beak, talons 3
a: no special abilities


You were on level 2 of the Dungeon.
You visited 1 branch of the dungeon, and saw 2 of its levels.

You collected 80 gold pieces.

Inventory:

Hand Weapons
 f - a +0 short sword (weapon)
Armour
 a - a +0 robe (worn)
 h - a +0 buckler (worn)
 l - a +0 leather armour
Jewellery
 i - a ring of magical power (left hand)
Scrolls
 d - a scroll of summoning
 g - a scroll of teleportation {unknown}
 j - a scroll of noise
Potions
 b - a potion of magic
 e - a potion of attraction


   Skills:
 + Level 0.4 Fighting
 + Level 0.8 Armour
 + Level 2.4 Dodging
 - Level 2.0 Stealth
 + Level 0.3 Shields
 + Level 2.2 Spellcasting
 * Level 2.5 Conjurations
 * Level 4.7 Air Magic


You had 3 spell levels left.
You knew the following spells:

 Your Spells              Type           Power      Damage    Failure   Level
a - Shock                 Conj/Air       56%        1d6       6%          1
b - Static Discharge      Conj/Air       14%        N/A       9%          2

Your spell library contained the following spells:

 Spells                   Type           Power      Damage    Failure   Level
 Swiftness                Air            17%        N/A       11%         3
 Airstrike                Air            8%         N/A       36%         4


Dungeon Overview and Level Annotations

Branches:
Dungeon (2/15)

Altars:

Shops:
D:1 (


Innate Abilities, Weirdness & Mutations

You have a beak for a mouth.
You have claws for feet.


Message History

The orc wizard is attracted toward you. The worm is attracted toward you.
It was a potion of invisibility.
You fade into invisibility!
The orc is attracted toward you.
You feel less confused.
The orc wizard gestures at you while chanting.
You are confused.
The orc is attracted toward you. x2
You hit the orc wizard but do no damage.
Your kick misses the orc wizard. The orc wizard closely misses you.
The worm is attracted toward you. The orc is attracted toward you. x2
Something is attracted toward you.
You're too confused to cast spells.
You are too confused!
Unknown command.
The orc wizard mumbles some strange words.
The orc wizard flickers and vanishes!
Deactivating autopickup; reactivate with Ctrl-A.
The worm closely misses you. Something hits you.
The worm completely misses you. Something hits you.
You feel less confused.
You hear some strange, mumbled words.
A puff of flame appears from out of thin air!
The puff of flame hits you. The worm bites you but does no damage.
You hit something. Your kick misses something. Your peck misses something.
You hear some strange, mumbled words.
A magic dart appears from out of thin air!
The magic dart hits you. You block the worm's attack.
As you read the scroll labelled BUCION JIDOUCA, it crumbles to dust.
It is a scroll of identify.
d - a scroll of summoning Something hits you.
* * * LOW HITPOINT WARNING * * *
As you read the scroll of identify, it crumbles to dust.
j - a scroll of noise You hear some strange, mumbled words.
A magic dart appears from out of thin air!
The magic dart hits you.
You die...

###....#...............
#......#.####†.........
#........####..........
#......####....[.......
#......# #.#..........
##.....####.#..........
#..........#..........
#####.#################...
#........{@# #.####...#w#
#......#o# #.#..###o# #
#... #o# #.## #.# #. #.#
#. #)# #. #...woo.#


You could see a worm (can't see you) and 3 orcs.

Vanquished Creatures
  A dart slug (D:1)
  6 ball pythons
  4 endoplasms
  A giant cockroach (D:1)
  6 goblins (D:1)
  2 hobgoblins (D:1)
  2 quokkas
  6 bats
  3 frilled lizards (D:1)
  6 kobolds
  2 rats
39 creatures vanquished.

Notes
Turn   | Place    | Note
-------+----------+-------------------------------------------
     0 | D:1      | wingedge the Tengu Air Elementalist began the quest for the
                  | Orb.
     0 | D:1      | Reached XP level 1. HP: 10/10 MP: 4/4
   243 | D:1      | Reached XP level 2. HP: 15/15 MP: 1/6
   357 | D:1      | Found Opnutsed's Weapon Emporium.
   519 | D:1      | Reached XP level 3. HP: 19/19 MP: 4/7
   552 | D:1      | Learned a level 2 spell: Static Discharge
  1513 | D:2      | Killed from afar by an orc wizard

Illustrated notes

Levels and vault maps discovered:
D:1:      ncdulo_smallfort, layout_basic, serial_shops, nicolae_shop_crystal
D:2:      layout_basic, uniq_crazy_yiuf_cottage

Skill      XL: |  1  2 |
---------------+-------+-----
Conjurations   | 2 |  2.5
Fighting       | |  0.4
Armour         | |  0.8
Dodging        | |  2.4
Stealth        | |  2.0
Shields        | |  0.3
Spellcasting   | |  2.2
Air Magic      | |  4.7

Action                   || total
-------------------------++-------
Melee: Short sword       ||    23
       Kick              ||     3
       Peck              ||     3
 Cast: Shock             ||    66
  Use: Scroll            ||     2
       Potion            ||     2
Armor: Robe              ||    16
Dodge: Dodged            ||    24
Block: Buckler           ||     4

Table legend: (Time is in decaauts)
 A = Elapsed time spent in this place.
 B = Non-inter-level travel time spent in this place.
 C = Inter-level travel time spent in this place.
 D = Time resting spent in this place.
 E = Time spent auto-exploring this place.
 F = Levels seen in this place.
 G = Mean time per level.
                   A        B        C        D        E       F      G
               +--------+--------+--------+--------+--------+-----+--------+
         Total |   1514 |   1486 |     28 |    306 |    889 |   2 |  757.0 |
       Dungeon |   1514 |   1486 |     28 |    306 |    889 |   2 |  757.0 |
               +--------+--------+--------+--------+--------+-----+--------+

Top non-repeatable levels by time:
     D:1: 1086 daAuts
     D:2: 428 daAuts
